 Dungeon Crawl Stone Soup version 0.27.0 (webtiles) character file.

Game seed: 11866598229271784482

230 mainiacjoe the Covert (level 6, -3/85 HPs)
             Began as a Naga Delver on July 30, 2021.
             Was a Follower of Lugonu.
             Slain by an ice beast (10 damage)
             ... on level 6 of the Dungeon.
             The game lasted 00:09:19 (2123 turns).

mainiacjoe the Covert (Naga Delver)                 Turns: 2123, Time: 00:09:24

Health: -3/85      AC: 23    Str: 14    XL:     6   Next: 3%
Magic:  6/6        EV:  1    Int: 12    God:    Lugonu [*.....]
Gold:   27         SH:  0    Dex: 13    Spells: 5/5 levels left

rFire    . . .     SeeInvis +   m - +0 war axe
rCold    . . .     Faith    .   (no shield)
rNeg     + + +     Spirit   .   (armour currently unavailable)
rPois    +         Reflect  .   (helmet currently unavailable)
rElec    .         Harm     .   (cloak currently unavailable)
rCorr    .         Rampage  .   (gloves currently unavailable)
Will     .....     Rnd*Rage +   (no barding) Stlth ++++......NoTele +
                                (no amulet)
HPRegen  0.24/turn              (no ring)
MPRegen  0.10/turn              (no ring)

@: tree-form
A: stationary, stasis, torment immunity, boosted hp, AC +2, large, see
invisible, (deformed body), (poison resistance), (slowness 2), spit poison 2,
(naga tail 1), berserk 1, (fire resistance 2)
a: Breathe Poison Gas, Renounce Religion, Depart the Abyss


You were on level 6 of the Dungeon.
You worshipped Lugonu.
Lugonu was aware of your devotion.
You were a tree.
You visited 1 branch of the dungeon, and saw 4 of its levels.
You also visited: Ossuary.

You collected 27 gold pieces.

Inventory:

Hand Weapons
 a - a +0 short sword
 m - a +0 war axe (weapon)
Missiles
 i - 15 arrows
 k - 4 stones (quivered)
Armour
 b - a +0 leather armour
 h - the +7 leather armour of Relativism (melded) {rElec rPois rC- Dex+4}
   (You found it on level 5 of the Dungeon)

   Dex:       It affects your dexterity (+4).
   rC:        It makes you vulnerable to cold.
   rElec:     It insulates you from electricity.
   rPois:     It protects you from poison.
Jewellery
 l - a ring of magical power
Wands
 g - a wand of digging (3)
 A - a wand of flame (16)
Scrolls
 c - 2 scrolls of fog
 d - 2 scrolls of magic mapping
 e - 2 scrolls of fear
 j - a scroll of teleportation {unknown}
 o - a scroll of holy word {unknown}
 u - 2 scrolls of noise {unknown}
 x - 2 scrolls of identify {unknown}
 y - a scroll of enchant weapon {unknown}
Potions
 f - a potion of heal wounds {unknown}
 n - a potion of brilliance
 p - 2 potions of lignification
 q - a potion of ambrosia {unknown}
 r - a potion of magic {unknown}
 s - 2 potions of mutation
 t - 2 potions of might {unknown}
 v - a potion of attraction {unknown}
 w - a potion of curing {unknown}
 z - a potion of degeneration {unknown}


   Skills:
 + Level 4.1 Fighting
 + Level 3.4 Short Blades
 + Level 2.7 Dodging
 + Level 8.5 Stealth


You had 5 spell levels left.
You didn't know any spells.
Your spell library was empty.

Dungeon Overview and Level Annotations

Branches:
Dungeon (6/15)            Ossuary (visited)
 Temple: D:4-7

Altars:
Makhleb
Okawaru
Sif Muna
Lugonu

Shops:
D:4 :

Portals:
Abyss: D:6

Annotations:
D:5 Prince Ribbit
D:6 dig vault books


Innate Abilities, Weirdness & Mutations

You are a tree.
Your roots penetrate the ground, keeping you stationary.
You cannot be teleported.
You are immune to unholy pain and torment.
Your maximum health is greatly increased.
Your equipment is partially melded.
((Your serpentine skin is tough. (AC +2)))
You have supernaturally acute eyesight. (SInv)
((Armour fits poorly on your strangely shaped body.))
((Your system is resistant to poisons. (rPois)))
((You cover ground very slowly.))
You can exhale a cloud of poison.
((You have a snake-like lower body.))
You tend to lose your temper in combat.
((Your flesh is very heat resistant. (rF++)))


Message History

You slash the ice beast!
The ice beast is moderately wounded.
The ice beast hits you. The ice beast freezes you!!
You feel a terrible chill! The ice beast barely misses you.
You closely miss the ice beast.
The ice beast is moderately wounded.
The ice beast hits you. The ice beast freezes you!!
You feel a terrible chill!
* * * LOW HITPOINT WARNING * * *
It was a potion of lignification.
You turn into a tree.
The +7 leather armour of Relativism {rElec rPois rC- Dex+4} melds into your body.
Your roots penetrate the ground.
The ice beast hits you but does no damage.
You hit the ice beast but do no damage.
The ice beast is moderately wounded.
The ice beast hits you but does no damage. x2
You barely miss the ice beast.
The ice beast is moderately wounded.
The ice beast hits you but does no damage.
You barely miss the ice beast.
The ice beast is moderately wounded.
The ice beast hits you but does no damage. x2
You closely miss the ice beast.
The ice beast is moderately wounded.
The ice beast hits you but does no damage.
You hit the ice beast but do no damage.
The ice beast is moderately wounded.
The ice beast hits you.
* * * LOW HITPOINT WARNING * * *
The ice beast freezes you.
* * * LOW HITPOINT WARNING * * *
The ice beast hits you but does no damage.
You don't know any spells.
It was a potion of mutation.
You feel extremely strange.
You feel a little pissed off.
There is a nasty taste in your mouth for a moment.
You feel resistant to heat.
You feel more resistant to heat. The ice beast hits you.
* * * LOW HITPOINT WARNING * * *
The ice beast freezes you!
You die...

#:::# ####### ####
#.....# ##..
#.._..#
#..######.....#
#.......#####'#
####..####.......#
#.....# ######.##
##...### #♣#
.^..## #Y# #...#
#Z# ..#.# #.##
##..# #..# ##..##
#..........#
.....#
#.#.....##.#
..#...# #....#..
#'##...# .#..#....


You could see an ice beast and a howler monkey zombie.

Vanquished Creatures
  A scorpion (D:6)
  2 iguanas (D:6)
  4 mummies (Ossuary)
  2 adders (D:6)
  9 orcs
  5 gnoll skeletons (Ossuary)
  3 gnoll zombies (Ossuary)
  3 goblin skeletons (Ossuary)
  5 goblin zombies (Ossuary)
  3 hobgoblin skeletons (Ossuary)
  5 hobgoblin zombies (Ossuary)
  2 kobold skeletons (Ossuary)
  A kobold zombie (Ossuary)
  6 orc skeletons (Ossuary)
  5 orc zombies (Ossuary)
  6 rat skeletons (Ossuary)
  6 rat zombies (Ossuary)
  A lurking horror (D:6)
69 creatures vanquished.

Vanquished Creatures (others)
  A lurking horror (D:6)
1 creature vanquished.

Grand Total: 70 creatures vanquished

Notes
Turn   | Place    | Note
-------+----------+-------------------------------------------
     0 | D:5      | mainiacjoe the Naga Delver began the quest for the Orb.
     0 | D:5      | Reached XP level 1. HP: 21/21 MP: 1/1
     1 | D:5      | Identified the +7 leather armour of Relativism {rElec rPois
                  | rC- Dex+4}
    78 | D:5      | Noticed Prince Ribbit
   121 | D:5      | Reached XP level 2. HP: 25/28 MP: 2/2
   277 | D:4      | Found Voro's Book Shoppe.
   293 | D:4      | Noticed a wight
   294 | D:4      | Noticed a wight
   420 | D:3      | Found a burning altar of Makhleb.
   424 | D:3      | You fall into a shaft and drop 3 floors!
   424 | D:6      | Found a sand-covered staircase.
   430 | Ossuary  | Entered an ossuary
   592 | Ossuary  | Reached XP level 3. HP: 34/34 MP: 3/3
  1036 | Ossuary  | Reached XP level 4. HP: 20/42 MP: 4/4
  1052 | Ossuary  | Reached skill level 8 in Stealth
  1466 | D:6      | Found an iron altar of Okawaru.
  1513 | D:6      | Found a corrupted altar of Lugonu.
  1516 | D:6      | Found a one-way gate to the infinite horrors of the Abyss.
  1733 | D:6      | Became a worshipper of Lugonu the Unformed
  1733 | D:6      | Reached * piety under Lugonu
  1831 | D:6      | Reached XP level 5. HP: 50/50 MP: 5/5
  1903 | D:6      | Identified the +0 scale mail of the Hall of Blades {Harm
                  | Str+4}
  1913 | D:6      | Noticed a gargoyle
  2084 | D:6      | Found a shimmering blue altar of Sif Muna.
  2098 | D:6      | Noticed an ice beast
  2112 | D:6      | Reached XP level 6. HP: 52/57 MP: 6/6
  2123 | D:6      | Gained mutation: You tend to lose your temper in combat.
                  | [potion of mutation]
  2123 | D:6      | Gained mutation: You can exhale a cloud of poison. [potion
                  | of mutation]
  2123 | D:6      | Gained mutation: Your flesh is heat resistant. (rF+)
                  | [potion of mutation]
  2123 | D:6      | Gained mutation: Your flesh is very heat resistant. (rF++)
                  | [potion of mutation]
  2123 | D:6      | Slain by an ice beast

Illustrated notes

Levels and vault maps discovered:
D:3:      layout_loops_ring, elyvilon_altar_4, bloody_makhleb, serial_shops,
          nicolae_shop_competitors_out_of_business
D:4:      layout_loops_ring, nicolae_ru_path_of_blood, slow_altar_2,
          minmay_temple_entry_enclosed_plants, portal_sewer_entry_f,
          serial_shops, nicolae_stop_n_shop_2, minmay_misc_feat_enclosed,
          minmay_fire_ice_demons, uniq_blork_the_orc, uniq_pikel, uniq_sigmund,
          uniq_menkaure
D:5:      layout_basic, uniq_eustachio, uniq_prince_ribbit1,
          uniq_crazy_yiuf_cottage
D:6:      minmay_chambers_of_sixes, layout_rooms,
          nicolae_sif_muna_little_library, mainiacjoe_overflow_small_starburst,
          enter_ossuary_1, kennysheep_big_empty_room, minmay_misc_feat_chi,
          amcnicky_altar_lugonu_corruption

Skill      XL: |  1  2  3  4  5 |
---------------+----------------+-----
Dodging        | 2 |  2.7
Stealth        | 8 |  8.5
Short Blades   | 3 |  3.4
Fighting       | 4 |  4.1

Action                   |  1- 3 |  4- 6 || total
-------------------------+-------+-------++-------
Melee: Short sword       |    31 |     6 ||    37
       War axe           |   109 |    63 ||   172
Throw: Stone             |    93 |     5 ||    98
 Abil: Spit Poison       |     3 |     1 ||     4
  Use: Potion            |     2 |     2 ||     4
 Stab: Sleeping          |     2 |     4 ||     6
Armor: Leather armour    |    45 |    20 ||    65
       Skin              |       |     8 ||     8
Dodge: Dodged            |    50 |    37 ||    87
